Map: Chantier naval orbital

Players

WoodedMicrob - Winner!

  • Race: Terran Terran
  • League: Diamond

Worming

  • Race: Zerg Zerg
  • League: Diamond

VOD

Have the link to the VOD?

Description

Time

  • Played on: Nov. 27, 2015, 1:37 p.m.
  • Length: 12:22
Show
View Real Time Build Order
Export as new Build Order

WoodedMicrob Terran - Winner!

Build Orders: Reaper Expand, MMM Bio 

Get SALT Encoding   

  12  0:01  SCV  
  13  0:13  SCV  
  14  0:20  Supply Depot  
  14  0:25  SCV  
  15  0:41  Refinery  
  15  0:42  SCV  
  16  0:46  Barracks  
  16  0:54  SCV  
  17  1:06  SCV  
  18  1:18  SCV  
  19  1:33  Orbital Command, Supply Depot  
  19  1:35  Reaper  
  20  1:56  Command Center  
  20  1:59  SCV  
  21  2:07  Reaper  
  22  2:11  SCV  
  23  2:19  Refinery  
  23  2:23  SCV  
  24  2:35  SCV  
  25  2:39  Reaper  
  26  2:47  SCV  
  27  2:52  Supply Depot  
  27  2:57  Command Center  
  27  2:59  SCV  
  27  3:02  Factory  
  28  3:11  SCV  
  29  3:12  Orbital Command  
  29  3:20  Barracks Reactor  
  29  3:24  SCV  
  30  3:36  SCV  
  30  3:39  SCV  
  32  3:43  Refinery  
  32  3:47  Starport  
  32  3:48  SCV  
  33  3:51  SCV  
  33  3:53  Supply Depot  
  34  4:00  SCV  
  35  4:03  SCV  
  35  4:09  Hellion x2  
  40  4:10  Barracks Tech Lab  
  40  4:11  Orbital Command  
  40  4:12  SCV  
  40  4:15  SCV  
  42  4:19  Liberator  
  42  4:23  Supply Depot  
  42  4:24  SCV  
  42  4:28  SCV  
  44  4:32  Hellion  
  44  4:33  Hellion, Stimpack  
  44  4:34  Marine  
  44  4:36  SCV  
  53  4:40  SCV x2  
  53  4:45  Supply Depot  
  55  4:48  SCV  
  55  4:52  SCV  
  57  4:53  SCV  
  57  4:55  Barracks  
  57  4:57  Barracks  
  58  5:00  Hellion  
  58  5:02  Hellion, Marine  
  63  5:08  SCV x2  
  63  5:14  SCV  
  66  5:18  Engineering Bay  
  66  5:19  Engineering Bay  
  66  5:20  SCV  
  67  5:21  SCV  
  67  5:26  SCV  
  69  5:32  Hellion x2, SCV  
  74  5:38  SCV x2, Marauder  
  74  5:40  Orbital Command  
  78  5:44  Missile Turret  
  78  5:45  Barracks Reactor x2  
  78  5:48  Missile Turret  
  78  5:53  SCV x2  
  78  5:56  Refinery  
  82  5:58  Starport Reactor  
  80  6:05  SCV x2  
  84  6:11  Widow Mine x2, Marauder  
  84  6:17  SCV  
  84  6:18  SCV x2  
  91  6:19  Terran Infantry Weapons Level 1  
  91  6:23  Terran Infantry Armor Level 1  
  91  6:30  SCV x2  
  93  6:40  Supply Depot  
  93  6:41  Supply Depot  
  93  6:51  SCV x3, Marine x5  
  101  7:03  Widow Mine x2, Medivac  
  101  7:04  Medivac  
  101  7:08  Barracks  
  109  7:09  Barracks, Marine  
  109  7:10  Missile Turret, Supply Depot, Barracks  
  109  7:11  Marine x4  
  111  7:20  Command Center, Supply Depot  
  111  7:28  Marine  
  111  7:29  Supply Depot x2, Marine x3  
  115  7:33  Medivac  
  115  7:35  Armory  
  115  7:36  Marine  
  118  7:39  Widow Mine  
  118  7:40  Widow Mine  
  122  7:45  SCV x2  
  122  7:46  Marine  
  122  7:48  Marine x3  
  122  7:50  Combat Shields  
  128  7:55  Marine  
  128  7:56  Barracks Tech Lab  
  128  7:57  Barracks Tech Lab  
  129  8:03  Barracks Reactor  
  129  8:04  Marine  
  130  8:08  Widow Mine  
  132  8:17  Marine  
  132  8:18  Marine x2  
  132  8:19  Marauder x3  
  138  8:33  Missile Turret  
  136  8:34  Marine  
  136  8:35  Marine x2  
  136  8:40  Marauder  
  135  8:48  Marine x5  
  124  8:52  Marine  
  124  8:53  Marine  
  121  8:58  Marine  
  121  8:59  Widow Mine x2  
  121  9:00  Medivac, Orbital Command  
  121  9:02  Command Center  
  122  9:13  Marauder, Marine x2  
  122  9:14  Marine x4, Marauder  
  122  9:16  Marine  
  133  9:17  Medivac  
  133  9:21  Terran Infantry Weapons Level 2, Barracks, Terran Infantry Armor Level 2  
  133  9:23  Barracks  
  135  9:30  Medivac, Supply Depot  
  137  9:31  Marine x2  
  137  9:32  Marauder  
  137  9:35  Marauder  
  143  9:47  Medivac  
  131  10:01  Marine x8  
  131  10:02  Marine  
  126  10:07  Widow Mine x2  
  126  10:08  Medivac  
  124  10:17  Medivac  
  124  10:19  Marine x8  
  127  10:22  Marine  
  127  10:26  Barracks Reactor x2  
  128  10:32  Orbital Command  
  126  10:37  Marine x8  
  126  10:40  Marine  
  129  10:54  Marine  
  129  10:55  Marine x7  
  137  10:57  Widow Mine x2  
  137  10:58  Medivac x2, Marine  
  137  10:59  Orbital Command  
  146  11:05  Marine x4  
  150  11:12  Marine  
  150  11:13  Marine x7  
  150  11:16  Marine  
  150  11:17  Factory  
  159  11:19  Factory  
  159  11:23  Marine x4  
  157  11:30  Marine x7  
  157  11:31  Marine  
  157  11:32  Widow Mine x2  
  159  11:33  Medivac x2  
  159  11:34  Marine  
  167  11:41  Marine x4  
  167  11:44  Supply Depot  
  167  11:45  Supply Depot  
  170  11:48  Marine x8  
  170  11:51  Marine  
  170  11:52  Supply Depot  
  176  11:58  Marine  
  176  11:59  Marine x3  
  179  12:03  Factory Tech Lab x2  
  190  12:20  Supply Depot  
Show
View Real Time Build Order
Export as new Build Order

Worming Zerg 

Build Orders: Hatch First, Muta Ling Bane 

Get SALT Encoding   

  12  0:01  Drone  
  13  0:08  Drone  
  14  0:19  Extractor  
  14  0:20  Drone, Extractor  
  13  0:22  Drone  
  16  0:42  Hatchery  
  15  0:57  Spawning Pool  
  15  0:59  Extractor  
  13  1:04  Overlord  
  13  1:09  Drone  
  14  1:24  Drone x2  
  16  1:28  Drone  
  17  1:45  Drone  
  17  1:46  Queen  
  20  1:48  Zergling x2  
  21  1:55  Queen  
  21  1:58  Zergling x2  
  24  2:04  Metabolic Boost  
  24  2:12  Overlord  
  24  2:17  Drone  
  24  2:19  Drone  
  26  2:25  Drone  
  26  2:27  Drone  
  28  2:30  Drone  
  29  2:47  Drone x3  
  29  2:49  Queen  
  34  2:53  Overlord  
  34  2:59  Drone x2  
  36  3:13  Zergling x4  
  36  3:14  Zergling x8  
  43  3:38  Overlord  
  43  3:40  Hatchery  
  42  3:44  Evolution Chamber  
  42  3:47  Drone  
  42  3:48  Evolution Chamber  
  42  3:52  Drone x4  
  43  4:00  Drone x4  
  47  4:10  Drone x4  
  47  4:12  Zerg Melee Weapons Level 1  
  51  4:22  Overlord  
  51  4:24  Roach Warren  
  49  4:34  Extractor  
  49  4:35  Lair, Extractor, Zerg Ground Armor Level 1  
  49  4:37  Drone x2  
  49  4:38  Drone  
  49  4:40  Drone  
  51  4:51  Drone  
  51  4:52  Drone, Overlord  
  53  4:53  Overlord  
  53  4:59  Drone x5  
  57  5:09  Roach x4  
  63  5:16  Drone x4  
  67  5:24  Baneling Nest  
  67  5:28  Drone  
  67  5:29  Extractor  
  67  5:35  Drone x3  
  67  5:37  Drone  
  68  5:52  Spire  
  68  5:53  Drone x10  
  77  6:01  Ravager x2  
  79  6:07  Spore Crawler  
  79  6:10  Spore Crawler  
  77  6:17  Overlord x3  
  77  6:22  Spore Crawler  
  76  6:27  Spore Crawler  
  76  6:31  Overlord x2  
  75  6:36  Ravager  
  75  6:37  Ravager  
  75  7:01  Overlord x3  
  75  7:02  Extractor x2  
  72  7:11  Mutalisk x4  
  72  7:12  Mutalisk  
  72  7:15  Drone x4  
  85  7:16  Drone x2  
  85  7:17  Zergling x10  
  93  7:30  Overlord x2  
  93  7:31  Zergling x20  
  93  7:33  Zerg Flyer Weapons Level 1  
  103  7:42  Zerg Melee Weapons Level 2  
  103  7:44  Overlord  
  103  7:45  Zergling x4  
  105  7:59  Hatchery, Zerg Ground Armor Level 2  
  105  8:03  Zergling x2  
  105  8:04  Zergling x12  
  109  8:24  Baneling  
  109  8:25  Baneling x13  
  109  8:26  Zergling x2  
  109  8:27  Zergling x20  
  114  8:30  Queen x3  
  95  8:48  Overseer  
  95  8:53  Zergling x16  
  94  9:14  Overlord  
  94  9:15  Overlord  
  94  9:16  Pneumatized Carapace  
  94  9:18  Overseer  
  94  9:20  Drone x7  
  101  9:26  Baneling x12  
  101  9:28  Mutalisk x5  
  111  9:32  Overlord  
  111  9:40  Infestation Pit  
  106  9:51  Zergling x10  
  106  9:52  Centrifical Hooks, Zergling x6  
  106  10:04  Roach x8  
  102  10:19  Zergling x4, Overlord  
  101  10:30  Overseer, Glial Reconstitution  
  101  10:33  Drone x8  
  107  10:36  Extractor x2  
  107  10:38  Spine Crawler  
  92  10:44  Zergling x10  
  92  10:45  Zergling x8  
  82  10:57  Zergling x8  
  77  11:04  Baneling x11  
  76  11:15  Zergling x18  
  76  11:29  Zergling x10  
  78  11:34  Overseer  
  76  11:50  Mutalisk x9  
  94  12:00  Baneling  
  94  12:01  Baneling x8  
  88  12:05  Zergling x2  
  88  12:06  Spine Crawler  
Tags
 
Add a new tag
Caveats
  • Supply blocks, unpowered buildings, or Contaminate may cause inaccurate times.
  • Supply counts are checked every 10 seconds.